 Dungeon Crawl Stone Soup version 0.26-a0-53-g45f243fec8 (webtiles) character file.

Game seed: 16685167546141640960

55 ICC the Skirmisher (level 3, -6/20 HPs)
             Began as a Vine Stalker Fighter on June 6, 2020.
             Killed by nerve-wracking pain
             ... invoked by Grinder
              (13 damage)
             ... on level 3 of the Dungeon.
             The game lasted 00:05:59 (1595 turns).

ICC the Skirmisher (Vine Stalker Fighter)           Turns: 1595, Time: 00:06:00

Health: -6/20      AC: 10    Str: 19    XL:     3   Next: 93%
Magic:  0/7        EV:  7    Int:  8    God:
Gold:   184        SH:  0    Dex: 13    Spells: 6/6 levels left

rFire    . . .     SeeInvis .   a - +0 long sword
rCold    + . .     Gourm    .   (no shield)
rNeg     . . .     Faith    .   k - +0 chain mail
rPois    +         Spirit   +   (no helmet)
rElec    .         Reflect  .   (no cloak)
rCorr    .         Harm     .   (no gloves)
MR       .....                  g - +0 pair of boots
Stlth    ..........             (no amulet)
HPRegen  0.06/turn              q - ring of poison resistance
MPRegen  0.10/turn              s - ring of protection from cold

@: no status effects
A: fangs 2, magic shield, antimagic bite, no potion heal 3, rot immunity
a: no special abilities


You were on level 3 of the Dungeon.
You were not hungry.

You visited 1 branch of the dungeon, and saw 3 of its levels.

You collected 184 gold pieces.

Inventory:

Hand Weapons
 a - a +0 long sword (weapon)
 p - a cursed +0 short sword
Missiles
 o - 5 boomerangs (quivered)
Armour
 g - a +0 pair of boots (worn)
 k - a +0 chain mail (worn)
 n - a +2 kite shield
Jewellery
 q - a ring of poison resistance (left hand)
 s - a ring of protection from cold (right hand)
Scrolls
 c - a scroll of immolation {unknown}
 h - a scroll of fog {unknown}
 l - 2 scrolls of teleportation {unknown}
 m - 4 scrolls of identify {unknown}
Potions
 b - a potion of berserk rage {unknown}
 d - a potion of might
 e - 2 potions of degeneration {unknown}
 i - a potion of mutation {unknown}
 j - 2 potions of curing {unknown}
 r - a potion of invisibility {unknown}
Comestibles
 f - 3 rations


   Skills:
 - Level 3.0 Fighting
 - Level 2.0 Long Blades
 + Level 2.9 Armour
 - Level 2.6 Shields
 + Level 2.2 Spellcasting


You had 6 spell levels left.
You didn't know any spells.
Your spell library was empty.

Dungeon Overview and Level Annotations

Branches:
Dungeon (3/15)

Altars:
Ashenzari
Dithmenos
Okawaru
Sif Muna

Annotations:
D:3 Grinder


Innate Abilities, Weirdness & Mutations

You have extremely sharp teeth.
When hurt, damage is shared between your health and your magic reserves.
Your bite disrupts and absorbs the magic of your enemies.
Potions cannot restore your health.
You are immune to rotting.


Message History

Grinder hits you!
The orc moves out of view.
You are too injured to fight recklessly!
You closely miss Grinder. You bite Grinder, but do no damage.
Grinder is heavily wounded.
Grinder barely misses you.
You slash Grinder! You bite Grinder.
Grinder's magic leaks into the air.
You drain her magic.
You feel invigorated.
Grinder is severely wounded.
Grinder hits you.
You barely miss Grinder. You bite Grinder, but do no damage.
Grinder is severely wounded.
Grinder hits you but does no damage. Grinder gestures at you.
Pain shoots through your body!
You closely miss Grinder. You bite Grinder, but do no damage.
Grinder is severely wounded.
Grinder gestures at you. Pain shoots through your body!
Ouch! That really hurt!
You die...

#.....##.#
###.#.##.#
#.#.##.#
#.#.##.#
#.#....#
######.######
#......#
#.###### #@#
#5# .g. .....
......#
.......#
#####.### #.#


You could see Grinder and a goblin.

Vanquished Creatures
  A shadow imp (D:2)
  2 dart slugs (D:1)
  A ball python (D:1)
  4 bats
  A giant cockroach (D:1)
  11 goblins
  A hobgoblin (D:2)
  2 jackals (D:2)
  8 kobolds
  5 frilled lizards
  8 rats
44 creatures vanquished.

Notes
Turn   | Place    | Note
-------+----------+-------------------------------------------
     0 | D:1      | ICC the Vine Stalker Fighter began the quest for the Orb.
     0 | D:1      | Reached XP level 1. HP: 11/11 MP: 2/2
    93 | D:1      | Reached skill level 1 in Spellcasting
   129 | D:1      | Reached XP level 2. HP: 16/16 MP: 5/5
   225 | D:1      | Reached XP level 3. HP: 14/19 MP: 6/6
   390 | D:1      | Reached skill level 3 in Fighting
   652 | D:2      | Found an iron altar of Okawaru.
   653 | D:2      | Found a transporter.
   654 | D:2      | Found a shadowy altar of Dithmenos.
   669 | D:2      | Found a transporter.
   847 | D:2      | Found a shattered altar of Ashenzari.
  1143 | D:2      | Found a shimmering blue altar of Sif Muna.
  1584 | D:3      | Noticed Grinder
  1595 | D:3      | Killed from afar by Grinder

Illustrated notes

Levels and vault maps discovered:
D:1:      beargit_arrival_greenhouse, layout_loops_cross
D:2:      layout_loops_ring, lemuel_blue_sif_altar,
          gammafunk_temple_overflow_arena, nicolae_ashenzari_panopticon
D:3:      layout_basic, lemuel_doored_altar, uniq_jessica, uniq_grinder

Skill      XL: |  1  2  3 |
---------------+----------+-----
Spellcasting   | 1 2 |  2.2
Long Blades    | 2 |  2.0
Fighting       | 3 |  3.0
Armour         | |  2.9
Shields        | |  2.6

Action                   || total
-------------------------++-------
Melee: Long sword        ||   116
       Bite              ||    31
  Eat: Chunk             ||     2
Armor: Scale mail        ||    30
       Chain mail        ||    40
Dodge: Dodged            ||    68
       Rpst.: Long sword ||    22

Table legend:
 A = Non-vault XP
 B = Vault XP
 C = Vault XP percentage of total XP
 D = Non-vault monster count
 E = Vault monster count
 F = Vault count percentage of total count
                 A         B        C        D         E       F
            +---------+---------+-------+---------+---------+-------
      Total |      65 |      14 |  17.7 |      41 |       3 |   6.8
            +---------+---------+-------+---------+---------+-------
        D:1 |      44 |       0 |   0.0 |      27 |       0 |   0.0
        D:2 |      18 |      14 |  43.8 |      12 |       3 |  20.0
        D:3 |       3 |       0 |   0.0 |       2 |       0 |   0.0
            +---------+---------+-------+---------+---------+-------
